 Dungeon Crawl Stone Soup version 0.31-a0-963-ga325b2283a (webtiles) character file.

Game seed: 11315311918205272385

1165 Descartes the Blocker (level 8, -1/56 (58) HPs)
             Began as a Formicid Fighter on Oct 25, 2023.
             Was an Initiate of Gozag.
             Slain by Menkaure (4 damage)
             ... on level 6 of the Dungeon.
             The game lasted 00:06:15 (4347 turns).

Descartes the Blocker (Formicid Fighter)            Turns: 4347, Time: 00:06:16

HP:   -1/56 (58)    AC: 10    Str: 29 (30) XL:     8   Next: 67%
MP:   8/8           EV:  9    Int:  2 (5)  God:    Gozag
Gold: 189           SH: 10    Dex: 11 (13) Spells: 7/7 levels left

rFire   + + .        a - +0 war axe
rCold   x . .        c - +0 buckler
rNeg    . . .        d - +0 chain mail "Zibet" {rElec rF+ Int-2}
rPois   .            (helmet unavailable)
rElec   +            (no cloak)
rCorr   .            (no gloves)
SInv    +            (no boots)
Will    .....        u - amulet of regeneration Stlth
                     n - ring of Jealousy {Fire rElec Slay+2}
HPRegen 1.09/turn    j - +6 ring of strength
MPRegen 0.11/turn

%: no passive effects
@: gold aura, attractive, lightly drained
A: permanent stasis, dig shafts and tunnels, antennae 3, four strong arms, large
bone plates 1, mutation resistance 1
a: Dig, Shaft Self, Renounce Religion, Potion Petition, Call Merchant, Bribe
Branch


You were on level 6 of the Dungeon.
You worshipped Gozag.
Gozag was aware of your devotion.
You visited 2 branches of the dungeon, and saw 7 of its levels.

You collected 294 gold pieces.
You paid 105 gold pieces to Gozag.

Inventory:

Hand Weapons
 a - a +0 war axe (weapon)
Missiles
 q - 14 poisoned darts
Armour
 b - a +0 scale mail
 c - a +0 buckler (worn)
 d - the +0 chain mail "Zibet" (worn) {rElec rF+ Int-2}
   (You found it on level 3 of the Dungeon)

   Int-2:     It affects your intelligence (-2).
   rF+:       It protects you from fire.
   rElec:     It insulates you from electricity.
Jewellery
 j - a +6 ring of strength (right hand)
 n - the ring of Jealousy (left hand) {Fire rElec Slay+2}
   (You found it on level 3 of the Dungeon)

   [ring of fire]

   Fire:      It enhances your fire magic.
   Slay+2:    It affects your accuracy & damage with ranged weapons and melee
   (+2).
   rF+:       It protects you from fire.
   rC-:       It makes you vulnerable to cold.
   rElec:     It insulates you from electricity.
 o - a ring of fire
 t - a ring of magical power
 u - an amulet of regeneration (around neck)
Wands
 r - a wand of iceblast (8)
Scrolls
 e - 3 scrolls of teleportation {unknown}
 g - 6 scrolls of identify {unknown}
 h - a scroll of amnesia {unknown}
 m - a scroll of revelation {unknown}
 v - a scroll of silence {unknown}
 w - a scroll of fear {unknown}
 x - a scroll of brand weapon {unknown}
 y - a scroll of noise {unknown}
 z - a scroll of vulnerability {unknown}
Potions
 f - a potion of mutation
 k - a potion of berserk rage {unknown}
 l - a potion of ambrosia {unknown}
 p - a potion of attraction
 s - a potion of degeneration


   Skills:
 - Level 3.2 Fighting
 - Level 2.0 Axes
 + Level 8.2 Armour
 - Level 10.0 Shields


You had 7 spell levels left.
You didn't know any spells.
Your spell library contained the following spells:

 Spells                   Type           Power      Damage    Failure   Level
 Summon Guardian Golem    Hex/Summ       0%         N/A       100%        3
 Passage of Golubria      Tloc           0%         N/A       100%        4
 Silence                  Hex/Air        0%         N/A       100%        5
 Orb of Destruction       Conj           0%         9d5       100%        7
 Spellforged Servitor     Conj/Summ      0%         N/A       100%        7
 Lehudib's Crystal Spear  Conj/Erth      0%         10d2      100%        8


Dungeon Overview and Level Annotations

Branches:
Dungeon (6/15)             Temple (1/1) D:6

Altars:
Ashenzari
Cheibriados
Dithmenos
Elyvilon
Fedhas
Gozag
Hepliaklqana
Kikubaaqudgha
Makhleb
Nemelex Xobeh
Okawaru
Sif Muna
Trog
Uskayaw
Vehumet
Wu Jian
Xom
Zin

Shops:
D:5 :

Annotations:
D:6 Menkaure


Innate Abilities, Weirdness & Mutations

You cannot be hasted, slowed, berserked, paralysed or teleported.
You can dig through walls and to a lower floor.
You have a pair of large antennae on your head. (SInv)
Your four strong arms can wield two-handed weapons with a shield.
You are partially covered in large bone plates. (SH +4)
You are somewhat resistant to further mutation.


Message History

You completely miss the phantom.
The phantom is almost destroyed.
The phantom barely misses you. You block the phantom's attack.
You closely miss the phantom.
The phantom is severely damaged.
You block the phantom's attack.
You hit the phantom.
The phantom is almost destroyed.
The phantom hits you.
You hit the phantom.
You destroy the phantom!
Menkaure hits you!
* * * LOW HITPOINT WARNING * * *
Your Armour skill increases to level 8!
You hit Menkaure.
Menkaure is heavily damaged.
Menkaure hits you but does no damage.
It was a potion of attraction.
You feel attractive to monsters. Menkaure hits you.
* * * LOW HITPOINT WARNING * * *
It was a potion of degeneration.
There was something very wrong with that liquid.
You feel weakened.
You feel dopey.
You feel clumsy.
Menkaure points at you and mumbles some strange words.
Pain shoots through your body!
* * * LOW HITPOINT WARNING * * *
You block Menkaure's attack.
Okay, then.
You need at least 400 gold to purchase potions right now!
Unknown command.
You barely miss Menkaure.
Menkaure is heavily damaged.
You block Menkaure's attack.
Unknown command.
It was a potion of haste.
Your stasis prevents you from being hasted.
Menkaure hits you.
You die...
Your body crumbles into a pile of gold.

.^..._...# #.......# ...
#.......# ... # #.......#
#.# .# ..[.
.###.####.####.# #.#
#.#.....#........s......#
#.#
#.#....(..######...#......
#.# #.#.#.##.#
##M#...########
#.###.....##.#
#@#{{..........
#.##..~~~..#.#
####c..#######.
.....~~§~~...#######.##
#...~~§~§~§..........#
#..#~§~>~§§#.#########
#.).§~§~~§~.#.##
#.##.~~§~~.###.#####
#.#...~~~..# ##....#
#.#.######.###(###.#


You could see Menkaure (fast).

Vanquished Creatures
  Grinder (D:3)
  Edmund (D:6)
  An ogre (D:4)
  A phantom (D:6)
  2 scorpions
  2 jellies (D:5)
  5 hounds
  2 iguanas
  An orc wizard (D:3)
  8 adders
  9 gnolls
  A white imp (D:5)
  5 worms
  A dart slug (D:2)
  17 orcs
  8 ball pythons
  3 bats
  9 endoplasms
  5 giant cockroaches
  5 hobgoblins
  6 jackals
  10 kobolds
  5 quokkas
  4 frilled lizards
  13 goblins
  4 rats
129 creatures vanquished.

Notes
Turn   | Place    | Note
-------+----------+-------------------------------------------
     0 | D:1      | Descartes the Formicid Fighter began the quest for the Orb.
     0 | D:1      | Reached XP level 1. HP: 18/18 MP: 1/1
    38 | D:1      | Found a faded altar of an unknown god.
    43 | D:1      | Reached XP level 2. HP: 21/24 MP: 2/2
   160 | D:1      | Reached skill level 5 in Shields
   216 | D:1      | Reached XP level 3. HP: 29/29 MP: 3/3
   587 | D:2      | Reached skill level 6 in Shields
   688 | D:2      | Found an ancient bone altar of Kikubaaqudgha.
   695 | D:2      | Reached XP level 4. HP: 33/35 MP: 4/4
  1035 | D:1      | Reached skill level 7 in Shields
  1050 | D:2      | Reached XP level 5. HP: 18/41 MP: 5/5
  1623 | D:3      | Identified the ring of Jealousy {Fire rElec Slay+2}
  1681 | D:3      | Noticed Grinder
  1701 | D:3      | Killed Grinder
  1702 | D:3      | Reached skill level 9 in Shields
  1702 | D:3      | Reached XP level 6. HP: 21/47 MP: 6/6
  2023 | D:3      | Identified the +0 chain mail "Zibet" {rElec rF+ Int-2}
  2430 | D:3      | Reached XP level 7. HP: 51/52 MP: 7/7
  2551 | D:4      | Reached skill level 10 in Shields
  2813 | D:4      | Found a shadowy altar of Dithmenos.
  2863 | D:4      | Reached skill level 5 in Armour
  3126 | D:4      | Reached XP level 8. HP: 55/55 MP: 8/8
  3312 | D:5      | Entered Level 5 of the Dungeon
  3350 | D:5      | Found Suhisob's Tiny Tomes.
  3773 | D:5      | Found a sparkling altar of Nemelex Xobeh.
  3773 | D:5      | Found a broken altar of Ashenzari.
  3825 | D:5      | Found an iron altar of Okawaru.
  3933 | D:5      | Found a hide-covered altar of Uskayaw.
  4215 | D:6      | Found a staircase to the Ecumenical Temple.
  4219 | D:6      | Noticed Edmund
  4235 | D:6      | Killed Edmund
  4238 | Temple   | Entered the Ecumenical Temple
  4286 | Temple   | Became a worshipper of Gozag Ym Sagoz the Greedy
  4321 | D:6      | Found a radiant altar of Vehumet.
  4322 | D:6      | Noticed Menkaure
  4333 | D:6      | Gained mutation: You are partially covered in large bone
                  | plates. (SH +4) [potion of mutation]
  4333 | D:6      | Gained mutation: You are somewhat resistant to further
                  | mutation. [potion of mutation]
  4345 | D:6      | HP: 1/56 [Menkaure/nerve-wracking pain (5)]
  4347 | D:6      | Slain by Menkaure

Illustrated notes

Levels and vault maps discovered:
D:1:      wander_arrival_estate, layout_rooms,
          hellmonk_ecumenical_altar_pennies_from_heaven
D:2:      layout_rooms, basic_altar
D:3:      layout_loops_ring, uniq_grinder
D:4:      layout_gridville, overflow_temple_1_default, nicolae_half_adder
D:5:      layout_loops_ring, gammafunk_temple_overflow_statue,
          nicolae_uskayaw_suspiria, okawaru_altar_gauntlet_db,
          kennysheep_cross_bottleneck, nicolae_shop_i_like_small_books_too,
          roderic_roman_lattice
D:6:      layout_loops_ring, lemuel_tele_altar, minmay_temple_entry_mist,
          uniq_edmund, uniq_menkaure
Temple:   nicolae_temple_no_exploring_needed

Skill      XL: |  1  2  3  4  5  6  7  8 |
---------------+-------------------------+-----
Shields        | 5 6 7 9 10 | 10.0
Armour         | 5 8 |  8.2
Fighting       | |  3.2
Axes           | |  2.0

Action                     |  1- 3 |  4- 6 |  7- 9 || total
---------------------------+-------+-------+-------++-------
  Melee: War axe           |    86 |   135 |   148 ||   369
Ability: Dig               |       |       |     2 ||     2
    Use: Potion            |       |     1 |     4 ||     5
 Armour: Scale mail        |    60 |   109 |       ||   169
         Chain mail        |       |     8 |   109 ||   117
  Dodge: Dodged            |    48 |    93 |    63 ||   204
  Block: Buckler           |    29 |    48 |    64 ||   141

Table legend: (Time is in decaauts)
 A = Elapsed time spent in this place.
 B = Non-inter-level travel time spent in this place.
 C = Inter-level travel time spent in this place.
 D = Time resting spent in this place.
 E = Time spent auto-exploring this place.
 F = Levels seen in this place.
 G = Mean time per level.
                   A        B        C        D        E       F      G
               +--------+--------+--------+--------+--------+-----+--------+
         Total |   4515 |   4355 |    160 |    100 |   3256 |   7 |  645.0 |
       Dungeon |   4457 |   4305 |    152 |    100 |   3219 |   6 |  742.8 |
        Temple |     57 |     49 |      8 |      0 |     37 |   1 |   57.0 |
               +--------+--------+--------+--------+--------+-----+--------+

Top non-repeatable levels by time:
     D:3: 1104 daAuts
     D:1: 926 daAuts
     D:5: 873 daAuts
     D:4: 798 daAuts
     D:2: 617 daAuts
     D:6: 137 daAuts
  Temple: 57 daAuts
